AoeStats
← wow_oh_03

Arena

510316338Analyzed
1v1 RM · 2d ago on Sep 30, 2026· 174m 50s· 2 players
Game mode
Random Map
Map size
Tiny (2 player)
Population
200
Speed
Normal
Resources
Standard
Victory
Conquest
Starting age
Dark Age
Ending age
Imperial Age
RankedLock teamsTeams togetherTeam positionsShared explorationLock speedFull tech treeHidden civsTurbo modeCheats
Victory
Defeat
🇹🇼 Koreans · Taiwan
909
+16
🇨🇭 Portuguese · Switzerland
906
-16
blorfsky
5:30 Loom
10:38 Feudal Age
15:11 Castle Age
14:23 Double-Bit Axe
16:35 Wheelbarrow
17:24 Bow Saw
25:52 Hand Cart
25:31 Horse Collar
28:34 Ballistics
32:55 Imperial Age
31:34 Fletching
31:45 Padded Archer Armor
31:45 Pikeman
32:34 Bodkin Arrow
32:40 Scale Mail Armor
33:22 Forging
33:27 Leather Archer Armor
34:48 Chemistry
34:35 Arquebus
34:56 Conscription
35:58 Two-Man Saw
35:02 Heavy Plow
35:52 Conscription
35:11 Halberdier
36:09 Chain Mail Armor
36:57 Crop Rotation
38:13 Elite Organ Gun
42:23 Ring Archer Armor
42:29 Iron Casting
42:24 Plate Mail Armor
44:09 Guilds
47:04 Bracer
48:05 Blast Furnace
50:44 Scale Barding Armor
51:31 Bloodlines
51:21 Husbandry
50:42 Light Cavalry
57:51 Cavalier
60:51 Chain Barding Armor
72:26 Plate Barding Armor
132:49 Elite Skirmisher
133:35 Thumb Ring
151:14 Capped Ram
wow_oh_03
10:43 Feudal Age
10:05 Loom
11:10 Double-Bit Axe
12:17 Horse Collar
17:24 Castle Age
16:34 Stone Mining
19:36 Bow Saw
20:21 Heavy Plow
22:48 Wheelbarrow
26:10 Fletching
27:01 Hand Cart
26:46 Elite Skirmisher
27:27 Gold Mining
28:59 Bodkin Arrow
28:30 Pikeman
31:50 Gold Shaft Mining
31:53 Stone Shaft Mining
30:41 Crossbowman
32:01 Town Watch
32:22 Eupseong
36:15 Imperial Age
34:52 Ballistics
34:43 Fortified Wall
36:11 Squires
36:13 Scale Mail Armor
36:23 Forging
37:24 Conscription
36:34 Halberdier
37:16 Bracer
37:32 Chain Mail Armor
37:39 Thumb Ring
39:54 Chemistry
39:01 Siege Engineers
39:03 Heavy Rocket Cart
41:24 Two-Man Saw
41:00 Plate Mail Armor
41:06 Iron Casting
41:13 Scale Barding Armor
42:08 Cavalier
42:49 Husbandry
45:00 Chain Barding Armor
44:48 Light Cavalry
46:46 Murder Holes
47:03 Masonry
47:13 Arbalester
47:23 Hussar
49:09 Shinkichon
51:22 Architecture
50:59 Siphons
50:38 Treadmill Crane
65:26 Elite War Wagon
Connection lost

Rejoining the realm…

Still unreachable

The connection could not be restored.

Session expired

The server has moved on; the page needs a fresh start.